Unix NetHack Version 3.7.0-80 Work-in-progress - last build Apr 4 2023 12:38:21 (790859391a0ee7bd3181b412646ad1b7e633ff00,branch:master). Game began 2023-04-08 20:09:21, ended 2023-04-08 20:18:51. tromix, chaotic male human Ranger ---- ------ ----- |..| |....--------- ---...| |..| |.............-----......-- |..| |..........--.............| |..| |............----........-- --G@| ---..........----. ...-- |...| --..........[.... -..| |.| ---|.)........0.... -..--- |.| --.--............).. .....| |.| |.................| ....<.| |.| --................- ----^..--- |.| |-..).............--......| |.| |........................-- --.| --........................---|..| ---.|......................||..| ----.|..--..----.........--..- -. |..| --......|..).. ---- ----..--..... ---- Tromix the Lookout St:16 Dx:9 Co:17 In:13 Wi:13 Ch:7 Chaotic Dlvl:4 $:80 HP:0(33) Pw:14(14) AC:6 Exp:4 T:1832 Latest messages: The coyote bites! Sirius bites it. It misses Sirius. Sirius bites it. You miss the coyote. The coyote bites! Sirius eats a gnome corpse. You miss the coyote. The coyote bites! You miss the coyote. The coyote bites! You miss the coyote. The coyote bites! You hit the coyote. The coyote bites! You kill the coyote! You see here a coyote corpse. There is a coyote corpse here; eat it? [ynq] (n) y This coyote corpse tastes okay. You see a candle consumed! Its flame dies. Your candle is consumed! Its flame dies. You finish eating the coyote corpse. You see here a coyote corpse. There is a coyote corpse here; eat it? [ynq] (n) y This coyote corpse tastes terrible! You stop eating the coyote corpse. Sirius eats a partly eaten coyote corpse. The gnome lord swings his thonged club. The gnome lord hits! You swap places with Sirius. You stop. Sirius is in the way! You stop. Sirius is in the way! The gnome strikes at your displaced image and misses you! You hit the gnome. You hit the gnome. The gnome hits! You miss the gnome. You kill the gnome! You see here 4 darts. You see here 4 darts. You hear some noises in the distance. The gnome lord hits! A bear trap closes on your foot! The gnome lord hits! You are caught in a bear trap. The gnome lord hits! You die... Do you want your possessions identified? [ynq] (y) q Inventory: Coins $ - 80 gold pieces Weapons c - 53 +2 arrows (in quiver) d - 35 +0 arrows b - a +1 bow (alternate weapon; not wielded) a - a rusty +1 dagger (weapon in hand) Armor m - an uncursed greased +0 orcish helm (being worn) A - an uncursed +0 pair of iron shoes o - an uncursed +2 cloak of displacement (being worn) Comestibles q - an uncursed banana f - 4 uncursed cram rations l - an uncursed tripe ration Scrolls s - a blessed scroll of enchant armor Spellbooks r - an uncursed spellbook of confuse monster Potions h - an uncursed potion of extra healing v - an uncursed potion of healing u - an uncursed potion of invisibility Rings g - a cursed ring of see invisible Tools w - an uncursed lock pick e - an uncursed skeleton key Gems/Stones p - an uncursed amber stone x - an uncursed worthless piece of black glass y - an uncursed worthless piece of violet glass Tromix the Ranger's attributes: Background: You were a Lookout, a level 4 male human Ranger. You were chaotic, on a mission for Mars who was opposed by Mercury (lawful) and Venus (neutral). You were in the Gnomish Mines, on level 4. You entered the dungeon 1832 turns ago. You had 104 experience points, 56 more were needed to attain level 5. Basics: You had 0 out of 33 hit points. You had all 14 energy points (spell power). Your armor class was 6. Your wallet contained 80 zorkmids. Autopickup was off. Final Characteristics: Your strength was 16 (limit:18/100). Your dexterity was 9 (base:10, limit:18). Your constitution was 17 (limit:18). Your intelligence was 13 (limit:18). Your wisdom was 13 (limit:18). Your charisma was 7 (limit:18). Final Status: You were trapped in a bear trap. You had a wounded right leg. You were not hungry. You were unencumbered. You were wielding a dagger. You had basic skill with dagger. Final Attributes: You were devoutly aligned. You had automatic searching. You were displaced. You were warded. You are dead. Miscellaneous: You disabled loading of bones levels. Total elapsed playing time was 9 minutes and 30 seconds. Major events: Turn 1: tromix the chaotic male human Ranger entered the dungeon 1126: attained the rank of Lookout (level 3) 1562: entered the Gnomish Mines 1832: killed by a gnome lord Vanquished creatures: 2 gnome leaders 2 dwarves an orc zombie 2 coyotes a hobbit 2 cave spiders a red mold 8 gnomes 2 garter snakes a gecko 4 jackals 2 kobolds a goblin 5 grid bugs a bat 3 lichens 4 newts 42 creatures vanquished. No species were genocided or became extinct. Voluntary challenges: You were illiterate. You never engraved Elbereth. You never genocided any monsters. You never polymorphed an object. You never changed form. You used no wishes. Achievements: You entered a shop. You attained the rank of Lookout. You entered the Gnomish Mines. The Dungeons of Doom: levels 1 to 6 Level 1: Level 2: A scroll shop, some graves. Level 3: A weapon shop. Stairs down to The Gnomish Mines. Level 4: Many altars, a fountain. Level 5: Level 6: The Gnomish Mines: Level 4: <- You were here. Final resting place for you, killed by a gnome lord. Game over: ---------- / \ / REST \ / IN \ / PEACE \ / \ | tromix | | 80 Au | | killed by a | | gnome lord | | | | | | 2023 | *| * * * | * _________)/\\_//(\/(/\)/\//\/|_)_______ Goodbye tromix the Ranger... You died in The Gnomish Mines on dungeon level 4 with 738 points, and 80 pieces of gold, after 1832 moves. You were level 4 with a maximum of 33 hit points when you died.